 Dungeon Crawl Stone Soup version 0.32-a0-918-g0f22ef8d61 (webtiles) character file.

Game seed: 10426424792978856990

2 croobank the Caller (level 1, 0/13 HPs)
             Began as a Human Summoner on Apr 10, 2024.
             Slain by a kobold
             ... wielding a +0 short sword
              (4 damage)
             ... on level 1 of the Dungeon.
             The game lasted 00:00:31 (114 turns).

croobank the Caller (Human Summoner)                 Turns: 114, Time: 00:00:32

Health: 0/13       AC:  2    Str:  8    XL:     1   Next: 30%
Magic:  0/3        EV: 11    Int: 15    God:
Gold:   5          SH:  0    Dex: 13    Spells: 3/4 levels left

rFire   . . .        d - +0 dagger
rCold   . . .        (no shield)
rNeg    . . .        a - +0 robe
rPois   .            (no helmet)
rElec   .            (no cloak)
rCorr   .            (no gloves)
SInv    .            (no boots)
Will    .....        (no amulet)
Stlth   ++           (no ring)
HPRegen 0.22/turn    (no ring)
MPRegen 0.08/turn

%: no passive effects
@: no status effects
A: explore regen
a: no special abilities


You were on level 1 of the Dungeon.
You visited 1 branch of the dungeon, and saw 1 of its levels.

You collected 5 gold pieces.

Inventory:

Hand Weapons
 d - a +0 dagger (weapon)
Armour
 a - a +0 robe (worn)
Scrolls
 c - a scroll of identify {unknown}
Potions
 b - a potion of magic


   Skills:
 + Level 2.0 Dodging
 + Level 2.0 Stealth
 + Level 2.0 Spellcasting
 + Level 4.0 Summonings


You had 3 spell levels left.
You knew the following spells:

 Your Spells              Type           Power      Damage    Failure   Level
a - Summon Small Mammal   Summ           52%        N/A       4%          1

Your spell library contained the following spells:

 Spells                   Type           Power      Damage    Failure   Level
 Call Imp                 Summ           26%        N/A       6%          2
 Call Canine Familiar     Summ           13%        N/A       13%         3
 Summon Blazeheart Golem  Fire/Summ      7%         N/A       67%         4
 Summon Lightning Spire   Summ/Air       7%         N/A       67%         4


Dungeon Overview and Level Annotations

Branches:
Dungeon (1/15)

Altars:


Innate Abilities, Weirdness & Mutations

You regain HP and MP as you explore.


Message History

You don't have enough magic to cast this spell.
The goblin closely misses you.
Your rat closely misses the goblin.
You closely miss the goblin.
The goblin is severely wounded.
The goblin hits you but does no damage.
Your rat misses the goblin. You hit the goblin.
You kill the goblin!
The kobold hits your rat with a +0 short sword.
Your rat dies!
Your rat's corpse disappears in a puff of smoke!
Casting: Summon Small Mammal (safe; 4% risk of failure)
Confirm with . or Enter, or press ? or * to list all spells.
You don't have enough magic to cast this spell.
The kobold hits you with a +0 short sword.
Things that are here:
a +0 dagger; a goblin corpse
d - a +0 dagger (weapon)
The kobold attacks as it pursues you!
The kobold hits you with a +0 short sword.
Casting: Summon Small Mammal (safe; 4% risk of failure)
Confirm with . or Enter, or press ? or * to list all spells.
The kobold barely misses you.
You closely miss the kobold.
Your bat closely misses the kobold. x2
The kobold hits you with a +0 short sword.
You barely miss the kobold.
Your bat barely misses the kobold.
The kobold hits you with a +0 short sword.
Your bat closely misses the kobold.
You barely miss the kobold.
Your bat barely misses the kobold.
The kobold barely misses you.
You barely miss the kobold.
Your bat hits the kobold but does no damage. x2
The kobold hits you with a +0 short sword.
* * * LOW HITPOINT WARNING * * *
Your bat hits the kobold but does no damage.
You hit the kobold.
The kobold is moderately wounded.
Your bat hits the kobold but does no damage.
Your bat closely misses the kobold.
The kobold hits you with a +0 short sword.
You die...

#####
######...#
#@.......#
#K####...#
#b# ##.##
#.# #.#
#.# #.#
#.# ###.#
#.# #...#
#.# #.###
#.# #.#


You could see a kobold (ally target) and a friendly bat (summoned).

Vanquished Creatures
  A goblin (D:1)
1 creature vanquished.

Vanquished Creatures (collateral kills)
  A rat (D:1)
1 creature vanquished.

Grand Total: 2 creatures vanquished

Notes
Turn   | Place    | Note
-------+----------+-------------------------------------------
     0 | D:1      | croobank the Human Summoner began the quest for the Orb.
     0 | D:1      | Reached XP level 1. HP: 13/13 MP: 3/3
   114 | D:1      | Slain by a kobold

Illustrated notes

Levels and vault maps discovered:
D:1:      amcnicky_arrival_choice, layout_loops_ring, kennysheep_small_spiral

Action                     || total
---------------------------++-------
  Melee: Dagger            ||     5
         Unarmed           ||     2
   Cast: Summon Small Mamm ||     6
 Armour: Robe              ||     7
  Dodge: Dodged            ||     3

Table legend: (Time is in decaauts)
 A = Elapsed time spent in this place.
 B = Non-inter-level travel time spent in this place.
 C = Inter-level travel time spent in this place.
 D = Time resting spent in this place.
 E = Time spent auto-exploring this place.
 F = Levels seen in this place.
 G = Mean time per level.
                   A        B        C        D        E       F      G
               +--------+--------+--------+--------+--------+-----+--------+
         Total |    113 |    113 |      0 |      0 |     80 |   1 |  113.0 |
       Dungeon |    113 |    113 |      0 |      0 |     80 |   1 |  113.0 |
               +--------+--------+--------+--------+--------+-----+--------+

Top non-repeatable levels by time:
     D:1: 113 daAuts
